 Dungeon Crawl Stone Soup version 0.31-a0-188-g5e087ee2ca (webtiles) character file.

Game seed: 14516171762133404791

53 qw the Shooter (level 3, -3/20 HPs)
             Began as a Deep Elf Hunter on June 23, 2023.
             Killed by divine providence
             ... invoked by an orc priest
              (16 damage)
             ... on level 3 of the Dungeon.
             The game lasted 00:00:25 (1566 turns).

qw the Shooter (Deep Elf Hunter)                    Turns: 1566, Time: 00:00:26

Health: -3/20      AC:  3    Str: 10    XL:     3   Next: 64%
Magic:  5/5        EV: 12    Int: 13    God:
Gold:   100        SH:  0    Dex: 18    Spells: 2/2 levels left

rFire   . . .        Y - +2 shortbow
rCold   . . .        (shield currently unavailable)
rNeg    . . .        c - +0 leather armour
rPois   .            (no helmet)
rElec   .            (no cloak)
rCorr   .            (no gloves)
SInv    .            (no boots)
Will    .....        (no amulet)
Stlth   ++           (no ring)
HPRegen 0.23/turn    (no ring)
MPRegen 0.09/turn

%: no passive effects
@: no status effects
A: no striking features
a: no special abilities


You were on level 3 of the Dungeon.
You visited 1 branch of the dungeon, and saw 3 of its levels.

You collected 100 gold pieces.


   Skills:
 - Level 1.5 Fighting
 + Level 7.1 Ranged Weapons
 - Level 2.4 Dodging
 - Level 1.2 Stealth


You had 2 spell levels left.
You didn't know any spells.
Your spell library was empty.

Inventory:

Hand Weapons
 Y - a +2 shortbow (weapon)
Armour
 c - a +0 leather armour (worn)
 i - a +0 ring mail
Jewellery
 e - a +4 ring of protection
Scrolls
 h - a scroll of amnesia {unknown}
Potions
 a - a potion of haste {unknown}
 b - 2 potions of brilliance {unknown}
 d - a potion of attraction {unknown}
 f - a potion of enlightenment {unknown}
 g - a potion of berserk rage {unknown}

Dungeon Overview and Level Annotations

Branches:
Dungeon (3/15)

Altars:
Cheibriados

Shops:
D:2 [


Message History

You shoot an arrow.
The arrow hits the orc but does no damage.
The orc is heavily wounded.
The orc closely misses you.
You shoot an arrow.
The arrow hits the orc but does no damage.
The orc is heavily wounded.
The orc misses you.
You shoot an arrow. The arrow hits the orc!
You kill the orc!
i - a +0 ring mail You see here a +3 hand axe.
Enter note:
Enter note: An orc priest and 2 orcs come into view.
Enter note:
Enter note: You shoot an arrow.
The arrow hits the orc.
The orc shouts!
The orc is moderately wounded.
You hear a shout!
You shoot an arrow. The arrow hits the orc!
You kill the orc!
An orc comes into view. It is wielding a +0 flail.
You shoot an arrow. The arrow hits the orc priest!
The orc priest is heavily wounded.
You shoot an arrow. The arrow hits the orc priest.
The orc priest is almost dead.
The orc priest invokes the aid of Beogh against you.
Pain shoots through your body!
You shoot an arrow. The arrow hits the orc priest.
The orc priest is almost dead.
The orc priest hits you with a +0 dagger.
You shoot an arrow.
The arrow hits the orc priest but does no damage.
The orc priest is almost dead.
The orc priest calls down the wrath of Beogh upon you.
Beogh smites you!
Ouch! That really hurt!
You die...

# .. #.# ..
#o##########
...
#oo@.....).#
...
##########.#
## ... #.# .#
#.# #.# .#
#.#
#######.#####
.# #.#
#...........#
.# ##'##
#.#.#####.#.#
.# ##...##
#.#.# #.#.#
.# ##.....##
#.#.# #.#.#


You could see an orc priest and 2 orcs.

Vanquished Creatures
  2 adders (D:2)
  2 dart slugs (D:3)
  2 orcs (D:3)
  An endoplasm (D:1)
  A giant cockroach (D:1)
  3 goblins
  A hobgoblin (D:3)
  2 quokkas (D:1)
  6 ball pythons
  5 bats
  3 frilled lizards
  2 kobolds
30 creatures vanquished.

Notes
Turn   | Place    | Note
-------+----------+-------------------------------------------
     0 | D:1      | qw the Deep Elf Hunter began the quest for the Orb.
     0 | D:1      | Reached XP level 1. HP: 12/12 MP: 3/3
     0 | D:1      | 0 ||| qw: Version: 0.3-a-9-g12657ce
     0 | D:1      | 0 ||| qw: Game counter: 4045
     0 | D:1      | 0 ||| qw: Always use a shield: true
     0 | D:1      | 0 ||| qw: God list: Okawaru
     0 | D:1      | 0 ||| qw: Allow faded altars: false
     0 | D:1      | 0 ||| qw: Do Orc after D:15 true
     0 | D:1      | 0 ||| qw: Do second Lair branch before Depths: true
     0 | D:1      | 0 ||| qw: Lair rune preference: random
     0 | D:1      | 0 ||| qw: Plans: Normal
     0 | D:1      | 0 ||| PLANNING D:1-11
   153 | D:1      | Found a faded altar of an unknown god.
   318 | D:1      | Reached XP level 2. HP: 16/16 MP: 4/4
   371 | D:1      | Reached skill level 6 in Ranged Weapons
   624 | D:1      | 624 ||| READING scroll labelled CIGOLO CALITI.
   625 | D:1      | 625 ||| READING scroll labelled GEVIR URCHOMI.
   626 | D:1      | 626 ||| READING scroll labelled BUNKUO GUEPA.
   627 | D:1      | 627 ||| DRINKING 2 sapphire potions.
   633 | D:1      | 633 ||| DROPPING scroll of butterflies.
   634 | D:1      | 634 ||| DROPPING potion of ambrosia.
   667 | D:2      | Found Fegoruac's Antique Armour Emporium.
   676 | D:2      | 676 ||| SHOPLISTING pair of embroidered boots (210 gold,
                  | have 60).
   676 | D:2      | 676 ||| SHOPLISTING pair of faintly humming boots (266
                  | gold, have 60).
   676 | D:2      | 676 ||| SHOPLISTING ring mail (112 gold, have 60).
   676 | D:2      | 676 ||| SHOPLISTING scale mail (112 gold, have 60).
   676 | D:2      | 676 ||| SHOPLISTING shiny scale mail (196 gold, have 60).
   744 | D:2      | Reached XP level 3. HP: 15/20 MP: 5/5
  1057 | D:2      | 1057 ||| READING scroll of enchant weapon.
  1057 | D:2      | 1057 ||| ENCHANTING +1 shortbow.
  1291 | D:3      | Found a snail-covered altar of Cheibriados.
  1491 | D:3      | Reached skill level 7 in Ranged Weapons
  1566 | D:3      | Killed from afar by an orc priest

Levels and vault maps discovered:
D:1:      dpeg_arrival_pits, layout_loops_ring,
          hellmonk_ecumenical_altar_blasted
D:2:      layout_basic, serial_shops, nicolae_shop_advertising_works
          [nicolae_subvault_shop_adworks]
D:3:      layout_loops_corners, mainiacjoe_overflow_catwalk,
          grunt_decor_mini_mirrors

Skill      XL: |  1  2  3 |
---------------+----------+-----
Ranged Weapons | 6 7 |  7.1
Fighting       | |  1.5
Dodging        | |  2.4
Stealth        | |  1.2

Action                     || total
---------------------------++-------
   Fire: Shortbow          ||    82
    Use: Scroll            ||     4
         Potion            ||     1
 Armour: Leather armour    ||     2
  Dodge: Dodged            ||    20

Table legend:
 A = Non-vault XP
 B = Vault XP
 C = Vault XP percentage of total XP
 D = Non-vault monster count
 E = Vault monster count
 F = Vault count percentage of total count
                 A         B        C        D         E       F
            +---------+---------+-------+---------+---------+-------
      Total |      77 |       0 |   0.0 |      30 |       0 |   0.0
            +---------+---------+-------+---------+---------+-------
        D:1 |      19 |       0 |   0.0 |      13 |       0 |   0.0
        D:2 |      33 |       0 |   0.0 |       7 |       0 |   0.0
        D:3 |      25 |       0 |   0.0 |      10 |       0 |   0.0
            +---------+---------+-------+---------+---------+-------
